[Event "Wednesday Apr 25 Engine Tour 9 rd Swiss 12m+1s Starts at 1600hrs"]
[Site "Infinity Chess"]
[Date "2018.4.25"]
[Round "1"]
[White "ironchess"]
[Black "NINJA_JENGKA"]
[Result "1/2-1/2"]
[ECO "A46"]
[WhiteElo "2532"]
[BlackElo "2401"]
[WhiteEngine "Cryptic Heroes 9.4B"]
[BlackEngine "Houdini 6_CTG"]
[EventType "Swiss"]
[WhiteTeam ""]
[BlackTeam ""]
[PlyCount "164"]
[TimeControl "720+1"]

1. d4 Nf6 2. Nf3 d5 3. e3 e6 4. c4 b6 5. b3 Bb7 6. Bb2 Bd6 7. Bd3 O-O 8. Nbd2 c6 
9. O-O c5 10. dxc5 bxc5 11. Qc2 Nc6 12. a3 h6 13. Rfe1 Re8 14. Rad1 Rb8 
15. h3 Bf8 16. Nf1 Ba8 17. N1h2 Na5 18. Nd2 Bd6 19. Nhf3 Qe7 20. Bf1 Red8 
21. cxd5 exd5 22. Nh4 Qe6 23. Nf5 Bf8 24. Ng3 Re8 25. Ne2 Qb6 26. Rb1 Qd8 
27. Ng3 Nc6 28. Red1 Ne5 29. Rbc1 Nfd7 30. b4 cxb4 31. axb4 Bxb4 32. Bd4 a5 
33. Qa2 g6 34. Ba1 Qe7 35. Nb3 Nf6 36. Nxa5 Qa7 37. Bc3 Bxc3 38. Rxc3 h5 
39. Ra3 Qe7 40. Nb3 Bb7 41. Nd4 Ne4 42. Nxe4 dxe4 43. Ra5 Ra8 44. Rb1 Rec8 
45. Rxa8 Bxa8 46. Rb5 Nd3 47. Qa6 Rd8 48. Rb6 Ne5 49. Qa1 Qc7 50. Qa5 Kh7 
51. Rb5 Qxa5 52. Rxa5 Bd5 53. Be2 Kg7 54. Kh2 Nd3 55. f3 Nb4 56. h4 Rb8 
57. Kg3 Rb6 58. Rc5 f5 59. Bb5 Bb7 60. Bc4 Kf6 61. Rc7 Bd5 62. fxe4 fxe4 
63. Bb5 Rb8 64. Rc5 Bf7 65. Kf4 Bd5 66. Bf1 Bb7 67. Kg3 Nd5 68. Nc2 Rc8 
69. Rxc8 Bxc8 70. Bc4 Nb6 71. Bb3 g5 72. Nd4 Bd7 73. hxg5+ Kxg5 74. Kf2 h4 
75. Be6 Kf6 76. Bxd7 Nxd7 77. Ne2 Ne5 78. Nf4 Nd3+ 79. Nxd3 exd3 80. e4 d2 
81. Ke2 Ke5 82. Kxd2 h3 1/2-1/2

[Event "Wednesday Apr 25 Engine Tour 9 rd Swiss 12m+1s Starts at 1600hrs"]
[Site "Infinity Chess"]
[Date "2018.4.25"]
[Round "1"]
[White "draxlord"]
[Black "quicksilver"]
[Result "1/2-1/2"]
[ECO "E21"]
[WhiteElo "2413"]
[BlackElo "2533"]
[WhiteEngine "Cryptic Heroes 9.4B"]
[BlackEngine "Cryptic Heroes 9.4B"]
[EventType "Swiss"]
[WhiteTeam ""]
[BlackTeam ""]
[PlyCount "67"]
[TimeControl "720+1"]

1. d4 Nf6 2. c4 e6 3. Nc3 Bb4 4. Nf3 b6 5. e3 Bb7 6. Bd3 O-O 7. O-O d5 
8. cxd5 exd5 9. Qc2 c5 10. dxc5 bxc5 11. b3 Re8 12. Ne2 Nbd7 13. a3 Ba5 
14. b4 cxb4 15. Ned4 Ne4 16. Nb3 bxa3 17. Nxa5 Qxa5 18. Bxa3 Ba6 19. Bb2 Bxd3 
20. Qxd3 Qc5 21. Rfc1 Qb4 22. Rc2 Rec8 23. Qxd5 Rxc2 24. Qxa8+ Nf8 25. Bd4 Qc4 
26. h3 Qe2 27. Kh2 Qxf2 28. Ne1 Qg3+ 29. Kg1 Rc1 30. Rxc1 Qf2+ 31. Kh2 Qg3+ 
32. Kg1 Qf2+ 33. Kh2 Qg3+ 34. Kg1 1/2-1/2

[Event "Wednesday Apr 25 Engine Tour 9 rd Swiss 12m+1s Starts at 1600hrs"]
[Site "Infinity Chess"]
[Date "2018.4.25"]
[Round "1"]
[White "THE_MACHINE"]
[Black "localhero"]
[Result "1/2-1/2 "]
[ECO "C55"]
[WhiteElo "2546"]
[BlackElo "2423"]
[WhiteEngine "BrainFish_180423_x64_bmi2"]
[BlackEngine "asmFishW_2018-04-11_popcnt"]
[EventType "Swiss"]
[WhiteTeam ""]
[BlackTeam ""]
[PlyCount "252"]
[TimeControl "720+1"]

1. e4 e5 2. Nf3 Nc6 3. Bc4 Nf6 4. d3 Bc5 5. c3 d6 6. O-O a5 7. h3 O-O 8. Re1 h6 
9. Bb3 Ba7 10. Nbd2 b5 11. a4 b4 12. Bc4 Be6 13. Bb5 Ne7 14. d4 c6 15. Bf1 Ng6 
16. cxb4 exd4 17. b5 c5 18. Nc4 Bxc4 19. Bxc4 Qc7 20. Qd3 Rae8 21. Bd2 Kh8 
22. Re2 Bb6 23. Rae1 Re7 24. b3 Rfe8 25. Bd5 Nh5 26. g3 Nf6 27. Bc6 Rd8 
28. Kf1 Nd7 29. Bf4 Ndf8 30. Bd2 Nd7 31. Qb1 Kg8 32. Kg2 Nf6 33. Kh2 Re6 
34. Bc1 Re7 35. Kg2 Re6 36. Qd3 Re7 37. Qb1 Re6 38. Qd3 Re7 39. Qd1 Rc8 
40. Kg1 Rf8 41. Qd3 Rd8 42. Qc2 Nd7 43. Bd5 Nf6 44. Bc6 Nh5 45. Qd2 Nf6 
46. Kg2 Rc8 47. Qc2 Rd8 48. Qd3 Qb8 49. Qd2 Qc7 50. Qd3 Qb8 51. Bd2 Qc7 
52. Kg1 Kh8 53. Qc4 Kg8 54. Bc1 Qb8 55. Qc2 Qc8 56. Kh2 Qc7 57. Kg2 Qb8 
58. Qb1 Qc7 59. Qc2 Qb8 60. Ba3 Re6 61. Bd5 Nxd5 62. exd5 Rxe2 63. Qxe2 Qb7 
64. Qe4 Rd7 65. Qe8+ Nf8 66. Bc1 Bd8 67. Qe4 Re7 68. Qf5 g6 69. Rxe7 Bxe7 
70. Qe4 f5 71. Qe2 Kf7 72. Bxh6 Qxd5 73. Bxf8 Kxf8 74. b6 d3 75. Qd1 Kf7 
76. h4 Bf6 77. Kg1 Bd8 78. b7 Qxb7 79. Qxd3 Ke6 80. Nd2 Qd5 81. Qe2+ Qe5 
82. Qc4+ Qd5 83. Qe2+ Qe5 84. Qb5 Kf7 85. Kf1 Qd5 86. Ke2 Qe5+ 87. Kd1 f4 
88. Qb7+ Ke8 89. Qc6+ Kf8 90. Qa8 Qf6 91. gxf4 Qxh4 92. Nc4 Kg7 93. Qc6 Qh3 
94. Kd2 Bf6 95. Ne3 Qe6 96. Qb7+ Kg8 97. Qa8+ Kf7 98. Nc4 Be7 99. Qb7 Qf6 
100. Qd5+ Kg7 101. Qf3 Bd8 102. Ke2 Qe6+ 103. Ne3 Kf7 104. Qb7+ Ke8 105. Ke1 Bh4 
106. Qb8+ Bd8 107. Ke2 Ke7 108. Qb7+ Kf8 109. Kf1 Ke8 110. Kg1 Kf8 111. Kg2 Ke8 
112. Kf3 Qh3+ 113. Ke2 Qe6 114. Qg7 Qf7 115. Qh8+ Ke7 116. Qc3 Qe6 117. Qg7+ Qf7 
118. Qc3 Qe6 119. Qg7+ Qf7 120. Qb2 Qe6 121. Kf1 Kf7 122. Qc3 Qe4 
123. Qc4+ Qxc4+ 124. bxc4 Ke6 125. Kg2 Bh4 126. Kf3 g5 1/2-1/2

[Event "Wednesday Apr 25 Engine Tour 9 rd Swiss 12m+1s Starts at 1600hrs"]
[Site "Infinity Chess"]
[Date "2018.4.25"]
[Round "1"]
[White "gmmarolideus"]
[Black "Vimtiroba"]
[Result "1/2-1/2"]
[ECO "C53"]
[WhiteElo "2084"]
[BlackElo "2428"]
[WhiteEngine "asmFishW_2018-04-07_popcnt_CTG"]
[BlackEngine "AsmFish A24_CTG"]
[EventType "Swiss"]
[WhiteTeam ""]
[BlackTeam ""]
[PlyCount "129"]
[TimeControl "720+1"]

1. e4 e5 2. Nf3 Nc6 3. Bc4 Bc5 4. c3 Nf6 5. d4 exd4 6. cxd4 Bb4+ 7. Bd2 Bxd2+ 
8. Nbxd2 d5 9. exd5 Nxd5 10. O-O O-O 11. Rc1 Bg4 12. h3 Bh5 13. Re1 Nf4 
14. Ne4 Kh8 15. Ng3 Bxf3 16. Qxf3 Qf6 17. d5 Ne5 18. Qc3 Nxc4 19. Qxc4 Rfd8 
20. Rcd1 c6 21. dxc6 bxc6 22. b3 Kg8 23. Ne2 Nxe2+ 24. Qxe2 g6 25. Qa6 Qc3 
26. g3 Qc5 27. Qe2 Qa5 28. Qc2 Rac8 29. Rxd8+ Rxd8 30. Re7 Kf8 31. Re3 c5 
32. Re5 Rd2 33. Rxc5 Qb4 34. a3 Rxc2 35. axb4 Rb2 36. Rc3 a6 37. Kg2 h5 
38. Kf3 Ke7 39. g4 f6 40. gxh5 gxh5 41. Kg2 Kf7 42. Rd3 Kg7 43. Kg3 Kf7 
44. Rc3 Kg7 45. Kg2 Kg6 46. Kf3 Kf7 47. Rd3 Ke7 48. Ke3 Kf7 49. Kf3 Ke7 
50. Rc3 Kf7 51. Kg2 Kg6 52. Rd3 Kf7 53. Rg3 Rc2 54. Rd3 Rb2 55. Rd5 Rxb3 
56. Rxh5 Rxb4 57. Ra5 Rb6 58. Kf3 Rb3+ 59. Kg4 Rb4+ 60. f4 Rb6 61. h4 Kg6 
62. Rd5 Rb5 63. h5+ Kh6 64. Rd6 Rxh5 65. Rxf6+ 1/2-1/2

[Event "Wednesday Apr 25 Engine Tour 9 rd Swiss 12m+1s Starts at 1600hrs"]
[Site "Infinity Chess"]
[Date "2018.4.25"]
[Round "1"]
[White "crossbones"]
[Black "OlivierEvan"]
[Result "1/2-1/2 "]
[ECO "D11"]
[WhiteElo "2429"]
[BlackElo "2378"]
[WhiteEngine "Cryptic Heroes 9.4B"]
[BlackEngine "Houdini 6"]
[EventType "Swiss"]
[WhiteTeam ""]
[BlackTeam ""]
[PlyCount "235"]
[TimeControl "720+1"]

1. d4 d5 2. c4 c6 3. Nf3 Nf6 4. e3 e6 5. b3 c5 6. cxd5 exd5 7. Bb2 Nc6 
8. dxc5 Bxc5 9. Bd3 Bg4 10. O-O O-O 11. Nc3 Re8 12. h3 Bxf3 13. Qxf3 Ne5 
14. Qe2 Qe7 15. Rad1 a6 16. Bb1 Rad8 17. Qc2 Ng6 18. Rd2 d4 19. exd4 Qd6 
20. Qd1 Nf4 21. Qf3 Ne6 22. Ne2 Bb4 23. Rdd1 Ng5 24. Qd3 Nge4 25. Bc1 h6 
26. Kh1 Nh5 27. Qf3 Nhf6 28. Bd3 Qd7 29. a3 Bd6 30. b4 Bb8 31. Kg1 Re7 
32. Bxe4 Nxe4 33. Rd3 Qd5 34. Rfd1 Nf6 35. Qxd5 Nxd5 36. Kf1 Red7 37. g4 Rc8 
38. Bd2 Rdc7 39. Nf4 Nb6 40. Ne2 Nd5 41. Nf4 Nb6 42. Ng2 Rd7 43. Ne3 Rcd8 
44. Ke2 Rxd4 45. Bc3 Rxd3 46. Rxd3 Rxd3 47. Kxd3 f6 48. Bd4 Nc8 49. Nf5 Nd6 
50. Nxd6 Bxd6 51. Ke4 Kf7 52. Kd5 Bc7 53. Be3 g5 54. Bc5 Bb8 55. a4 Bc7 
56. Bd4 Bf4 57. Bb6 Be5 58. Ba7 Bf4 59. Bc5 Bc7 60. Bd6 Bb6 61. f4 Be3 
62. f5 Bb6 63. Bg3 Ke7 64. Bd6+ Kf7 65. Kc4 Ke8 66. Bc5 Bd8 67. Kd4 Bc7 
68. Kd5 Kd7 69. Bd4 Bd8 70. Bf2 Be7 71. Bd4 Bd8 72. Kc5 Kc7 73. b5 axb5 
74. Kxb5 Be7 75. Bg1 Kd7 76. Bf2 Bd6 77. Bd4 Be7 78. Kb6 Kc8 79. Bf2 Bd6 
80. Bd4 Be7 81. Ba1 Bd8+ 82. Kb5 Kd7 83. Kc5 Ke7 84. Bc3 Kd7 85. Kd5 Be7 
86. Bd4 Bd8 87. Bc3 Be7 88. Ba5 Bd6 89. Bb6 Be5 90. Be3 Bc7 91. Kc5 Bd6+ 
92. Kb6 Kc8 93. Kb5 Be5 94. Bf2 Kc7 95. Ba7 Bd6 96. Be3 Kd7 97. Bd4 Be7 
98. Bg1 Bd6 99. Be3 Kc7 100. Bd4 Be7 101. Ba7 Bd6 102. Bb6+ Kd7 103. Ba5 Be5 
104. Bb4 Kc8 105. Be1 Kd7 106. Kb6 Kc8 107. Kb5 Kd7 108. Bb4 Kc8 109. Kc5 Kd7 
110. Kb6 Kc8 111. Bf8 Bd4+ 112. Kb5 Kd7 113. Bc5 Be5 114. Ba3 Kc8 115. Be7 Kc7 
116. Ba3 Kc8 117. Kb6 Bd4+ 118. Bc5 1/2-1/2

[Event "Wednesday Apr 25 Engine Tour 9 rd Swiss 12m+1s Starts at 1600hrs"]
[Site "Infinity Chess"]
[Date "2018.4.25"]
[Round "1"]
[White "juggernaut"]
[Black "hafaba"]
[Result "1/2-1/2"]
[ECO "D15"]
[WhiteElo "2382"]
[BlackElo "2438"]
[WhiteEngine "Cryptic Heroes 9.4B"]
[BlackEngine "Eman 1.70-beta21 64-bit POPCNT_CTG"]
[EventType "Swiss"]
[WhiteTeam ""]
[BlackTeam ""]
[PlyCount "132"]
[TimeControl "720+1"]

1. d4 d5 2. c4 c6 3. Nf3 Nf6 4. Nc3 e6 5. e3 Nbd7 6. Qc2 Bd6 7. Be2 O-O 
8. O-O dxc4 9. Bxc4 a6 10. Rd1 b5 11. Be2 Qc7 12. Ne4 Nxe4 13. Qxe4 Bb7 
14. Bd3 g6 15. Qh4 c5 16. Ng5 h5 17. Ne4 Bxe4 18. Bxe4 Rac8 19. Bd2 Rfe8 
20. Rac1 Be7 21. Qg3 Qxg3 22. hxg3 cxd4 23. exd4 Nb6 24. Bb7 Rxc1 25. Rxc1 Nc4 
26. Bf4 Nxb2 27. Bxa6 Nd3 28. Bxb5 Nxc1 29. Bxe8 Nxa2 30. Kf1 Bf6 31. Be5 Kf8 
32. Bc6 Nb4 33. Bb5 Nd5 34. Bd6+ Be7 35. Be5 Bb4 36. Bb8 Ke7 37. Ba7 Kf6 
38. Bc6 Kf5 39. Be8 Kf6 40. Bd7 Bc3 41. Bc5 g5 42. Ke2 g4 43. Kd3 Bb4 
44. Bxb4 Nxb4+ 45. Kc4 Nd5 46. Bc6 Ne7 47. Kc5 Kg6 48. Bb5 Kf6 49. Kc4 Ng8 
50. Bd7 Ne7 51. Kc5 Nd5 52. Bc6 Nc3 53. d5 exd5 54. Bxd5 Kg5 55. Kd4 Nd1 
56. f3 f6 57. f4+ Kh6 58. Bf7 Nf2 59. Kd5 Nh1 60. Ke6 Nxg3 61. Kxf6 h4 
62. Bd5 h3 63. gxh3 gxh3 64. f5 h2 65. Ke5 h1=Q 66. Bxh1 Nxh1 1/2-1/2

[Event "Wednesday Apr 25 Engine Tour 9 rd Swiss 12m+1s Starts at 1600hrs"]
[Site "Infinity Chess"]
[Date "2018.4.25"]
[Round "1"]
[White "blindfoldchess"]
[Black "angriff"]
[Result "1/2-1/2"]
[ECO "C58"]
[WhiteElo "2440"]
[BlackElo "2392"]
[WhiteEngine "Cryptic Heroes 9.4B"]
[BlackEngine "DracoREX 3.07 64BIT POPCNT_CTG"]
[EventType "Swiss"]
[WhiteTeam ""]
[BlackTeam ""]
[PlyCount "112"]
[TimeControl "720+1"]

1. e4 e5 2. Nf3 Nc6 3. Bc4 Nf6 4. Ng5 d5 5. exd5 Na5 6. Bb5+ c6 7. dxc6 bxc6 
8. Be2 h6 9. Nh3 Bd6 10. d3 O-O 11. O-O Bc7 12. Nd2 Qe7 13. Bf3 g5 14. Re1 Rb8 
15. g4 Qe6 16. b3 Nxg4 17. Bxg4 Qxg4+ 18. Qxg4 Bxg4 19. Kg2 f5 20. Ba3 Rf6 
21. Bb2 Re8 22. f3 Bh5 23. b4 Nb7 24. f4 Rfe6 25. fxg5 Nd6 26. gxh6 Bd8 
27. Kh1 Kh7 28. Rg1 Kxh6 29. Raf1 Bb6 30. Rg2 f4 31. d4 Nf5 32. dxe5 Ne3 
33. Nxf4 Nxf1 34. Nxf1 Rf8 35. Ng3 Rxf4 36. Bc1 Bf3 37. Bxf4+ Kg6 38. h4 Bc7 
39. Kh2 Bxg2 40. Kxg2 Bxe5 41. h5+ Kf6 42. Kf3 Re8 43. c3 Bb8 44. Bxb8 Rxb8 
45. Ke4 a5 46. bxa5 Rd8 47. a6 Ra8 48. Kd4 Rxa6 49. Ne4+ Kf5 50. h6 Kg6 
51. Kc5 Rxa2 52. c4 Re2 53. h7 Kxh7 54. Nd6 Kg7 55. Kxc6 Rc2 56. c5 Kf6 1/2-1/2

[Event "Wednesday Apr 25 Engine Tour 9 rd Swiss 12m+1s Starts at 1600hrs"]
[Site "Infinity Chess"]
[Date "2018.4.25"]
[Round "1"]
[White "ocirema"]
[Black "yellowjacket"]
[Result "1/2-1/2"]
[ECO "A50"]
[WhiteElo "2443"]
[BlackElo "2400"]
[WhiteEngine "asmFishW_2018-04-24_popcnt"]
[BlackEngine "Cryptic Heroes 9.4B"]
[EventType "Swiss"]
[WhiteTeam ""]
[BlackTeam ""]
[PlyCount "95"]
[TimeControl "720+1"]

1. d4 Nf6 2. c4 c6 3. Nf3 d5 4. g3 Bf5 5. Nc3 e6 6. Nh4 dxc4 7. Nxf5 exf5 
8. e3 Nbd7 9. Bxc4 Nb6 10. Bb3 Be7 11. f3 Qd7 12. O-O O-O 13. Kg2 Rad8 
14. Qc2 Rfe8 15. a3 Bf8 16. Rd1 Nbd5 17. Re1 Nc7 18. Bd2 g6 19. Rad1 Ne6 
20. Bc1 Bg7 21. Qf2 b5 22. h3 h5 23. Ba2 Bh6 24. Ne2 Nc7 25. Bb1 h4 26. g4 Ncd5 
27. Rd3 Qe7 28. Qxh4 Bxe3 29. Bxe3 Nxe3+ 30. Rxe3 Qxe3 31. Qxf6 Qd2 32. Kf1 Qh6 
33. Ba2 Qxh3+ 34. Kg1 Rd5 35. Bxd5 cxd5 36. Kf2 Qh2+ 37. Kf1 fxg4 38. fxg4 Qh1+ 
39. Kf2 Qh2+ 40. Kf1 Qh3+ 41. Kg1 Re4 42. Kf2 Qh2+ 43. Kf3 b4 44. axb4 Qh3+ 
45. Kf2 Qh2+ 46. Kf3 Qh3+ 47. Kf2 Qh2+ 48. Kf3 1/2-1/2

[Event "Wednesday Apr 25 Engine Tour 9 rd Swiss 12m+1s Starts at 1600hrs"]
[Site "Infinity Chess"]
[Date "2018.4.25"]
[Round "1"]
[White "thunderbolts"]
[Black "MarioDeMonti"]
[Result "1/2-1/2"]
[ECO "D12"]
[WhiteElo "2400"]
[BlackElo "2449"]
[WhiteEngine "Cryptic Heroes 9.4B"]
[BlackEngine "stockfish_x64_bmi2_2018_02_18_CTG"]
[EventType "Swiss"]
[WhiteTeam ""]
[BlackTeam ""]
[PlyCount "103"]
[TimeControl "720+1"]

1. d4 d5 2. c4 c6 3. Nf3 Nf6 4. e3 Bf5 5. Nc3 e6 6. Nh4 Bg6 7. Bd2 Bh5 
8. Qb3 Qb6 9. h3 Nbd7 10. g4 Bg6 11. Nxg6 hxg6 12. Be2 dxc4 13. Qxc4 g5 
14. Qa4 Qc7 15. Kf1 Be7 16. Kg2 Kf8 17. e4 Nh7 18. Raf1 Kg8 19. f4 Qb6 
20. Nd1 Qd8 21. Qb3 Ndf8 22. f5 Qxd4 23. Be1 Qb6 24. Qf3 Nf6 25. Bg3 Rh6 
26. h4 Qd4 27. Ne3 Bc5 28. fxe6 fxe6 29. Nc4 Qxe4 30. hxg5 Qxf3+ 31. Bxf3 Rxh1 
32. Kxh1 Nd5 33. Na5 Be7 34. Nxb7 Bxg5 35. Re1 Bf6 36. Na5 Rc8 37. Re2 c5 
38. Nb7 Nb4 39. Nd6 Rd8 40. b3 Be7 41. Nc4 Rd3 42. Kg2 Bf6 43. Be4 Rd1 
44. Bd6 Ra1 45. Bxc5 Nxa2 46. Re3 Nc3 47. Bc6 Ra2+ 48. Kf1 Ra1+ 49. Re1 Ra2 
50. Re3 Ra1+ 51. Re1 Ra2 52. Re3 1/2-1/2

[Event "Wednesday Apr 25 Engine Tour 9 rd Swiss 12m+1s Starts at 1600hrs"]
[Site "Infinity Chess"]
[Date "2018.4.25"]
[Round "1"]
[White "Marsell"]
[Black "skullbuster"]
[Result "1-0"]
[ECO "B53"]
[WhiteElo "2456"]
[BlackElo "2400"]
[WhiteEngine "BrainFish_180418_x64_bmi2"]
[BlackEngine "Cryptic Heroes 9.4B"]
[EventType "Swiss"]
[WhiteTeam ""]
[BlackTeam ""]
[PlyCount "149"]
[TimeControl "720+1"]

1. e4 c5 2. Nf3 d6 3. d4 Nf6 4. Nc3 cxd4 5. Nxd4 Nc6 6. Bg5 e6 7. Qd2 Be7 
8. O-O-O O-O 9. f4 Nxd4 10. Qxd4 h6 11. Bh4 Qa5 12. Bc4 e5 13. fxe5 dxe5 
14. Qd3 Bg4 15. Rdf1 Rfd8 16. Qg3 Rac8 17. Bxf6 Bxf6 18. Bb3 Be6 19. Kb1 Rd6 
20. Nd5 Bxd5 21. Bxd5 Rb6 22. Bb3 Qb4 23. Qg4 Rc7 24. Rd1 Qe7 25. Qe2 Rd7 
26. a3 Rbd6 27. Rxd6 Qxd6 28. Bd5 Qe7 29. g3 b6 30. Rf1 g6 31. h4 Kg7 32. h5 Rc7 
33. Rf3 Rc8 34. g4 Rf8 35. Qf1 Rh8 36. a4 gxh5 37. gxh5 Rf8 38. a5 Bh4 
39. Qb5 Qc5 40. Qxc5 bxc5 41. Rb3 Re8 42. Rb7 Re7 43. a6 f5 44. exf5 Kf6 
45. Be4 Rg7 46. c4 Bf2 47. Ka2 Bd4 48. Kb3 Rg3+ 49. Ka4 Rg4 50. Bd5 Rg7 
51. Kb5 Re7 52. Be4 Bxb2 53. Rxe7 Kxe7 54. Kc6 Bc1 55. f6+ Kxf6 56. Kb7 Kg5 
57. Kxa7 Kf4 58. Bg6 e4 59. Kb6 e3 60. Bd3 e2 61. Bxe2 Ke3 62. Bf1 Kf2 
63. Bd3 Ke3 64. Bg6 Kf3 65. a7 Bb2 66. a8=Q+ Kf4 67. Kxc5 Bf6 68. Qe4+ Kg3 
69. Bf5 Kf2 70. Bg4 Bd4+ 71. Kxd4 Kg3 72. Qf3+ Kh4 73. Be6 Kg5 74. Qf5+ Kh4 
75. Qg4# 1-0

[Event "Wednesday Apr 25 Engine Tour 9 rd Swiss 12m+1s Starts at 1600hrs"]
[Site "Infinity Chess"]
[Date "2018.4.25"]
[Round "1"]
[White "shadowking"]
[Black "Seliga"]
[Result "1/2-1/2"]
[ECO "D30"]
[WhiteElo "2400"]
[BlackElo "2465"]
[WhiteEngine "Cryptic Heroes 9.4B"]
[BlackEngine "AsmFish A10_CTG"]
[EventType "Swiss"]
[WhiteTeam ""]
[BlackTeam ""]
[PlyCount "75"]
[TimeControl "720+1"]

1. d4 d5 2. c4 e6 3. Nf3 Nf6 4. e3 b6 5. Bd3 Bb7 6. O-O dxc4 7. Bxc4 a6 
8. Nc3 b5 9. Bb3 Be7 10. Qe2 c5 11. Rd1 Nc6 12. d5 exd5 13. Nxd5 Nxd5 
14. Bxd5 Qb6 15. Bd2 O-O 16. e4 Rfe8 17. a4 h6 18. Qe3 Nd4 19. a5 Qa7 
20. Nxd4 cxd4 21. Qf3 Bxd5 22. exd5 Rad8 23. Rac1 Bg5 24. Bxg5 hxg5 25. Qf5 Qe7 
26. g4 Qe2 27. Rxd4 Qxb2 28. Rcd1 Rd6 29. Qxg5 Re2 30. R4d2 Qb3 31. Rd3 Qc2 
32. Qf4 Rf6 33. Qc1 Rfxf2 34. Qxc2 Rg2+ 35. Kf1 Rgf2+ 36. Kg1 Rg2+ 37. Kf1 Rgf2+ 
38. Kg1 1/2-1/2

[Event "Wednesday Apr 25 Engine Tour 9 rd Swiss 12m+1s Starts at 1600hrs"]
[Site "Infinity Chess"]
[Date "2018.4.25"]
[Round "1"]
[White "Time_bandit"]
[Black "redwing"]
[Result "1/2-1/2"]
[ECO "B90"]
[WhiteElo "2470"]
[BlackElo "2400"]
[WhiteEngine "asmFishW_2018-04-11_bmi2"]
[BlackEngine "Cryptic Heroes 9.4B"]
[EventType "Swiss"]
[WhiteTeam ""]
[BlackTeam ""]
[PlyCount "118"]
[TimeControl "720+1"]

1. e4 c5 2. Nf3 d6 3. d4 cxd4 4. Nxd4 Nf6 5. Nc3 a6 6. Be3 e5 7. Nb3 Be7 
8. Be2 Be6 9. Qd3 Nc6 10. a3 O-O 11. O-O Rc8 12. Nd5 Nd7 13. Qd2 h6 14. Rad1 Bg5 
15. Bxg5 Qxg5 16. Qxg5 hxg5 17. h3 Rfd8 18. Bg4 Nf6 19. Bxe6 fxe6 20. Nb6 Rc7 
21. f3 Nd7 22. Nxd7 Rdxd7 23. Rd2 Kf7 24. c3 b6 25. Kh2 a5 26. a4 Nd8 
27. Nc1 Rc4 28. Nd3 Nc6 29. Ra1 d5 30. exd5 Rxd5 31. Kg1 g4 32. hxg4 e4 
33. fxe4 Rxe4 34. b3 Ke7 35. Rad1 Rxg4 36. Nf2 Rgg5 37. Kf1 Nd8 38. Ne4 Rge5 
39. Nf2 Nb7 40. Rxd5 exd5 41. Ng4 Re4 42. Nf2 Re5 43. Ng4 Rf5+ 44. Ke2 Ke6 
45. Rd4 Nc5 46. Ne3 Re5 47. b4 Nxa4 48. bxa5 Nxc3+ 49. Kd3 bxa5 50. Ng4 Re4 
51. Kxc3 Rxd4 52. Kxd4 a4 53. g3 a3 54. Ne3 a2 55. Nc2 Kf5 56. g4+ Kxg4 
57. Kxd5 g6 58. Kc4 g5 59. Kb3 a1=Q 1/2-1/2

[Event "Wednesday Apr 25 Engine Tour 9 rd Swiss 12m+1s Starts at 1600hrs"]
[Site "Infinity Chess"]
[Date "2018.4.25"]
[Round "1"]
[White "proudstar"]
[Black "firestar"]
[Result "1/2-1/2"]
[ECO "A46"]
[WhiteElo "2400"]
[BlackElo "2471"]
[WhiteEngine "Cryptic Heroes 9.4B"]
[BlackEngine "Cryptic Heroes 9.4B"]
[EventType "Swiss"]
[WhiteTeam ""]
[BlackTeam ""]
[PlyCount "114"]
[TimeControl "720+1"]

1. d4 Nf6 2. Nf3 e6 3. Bf4 d5 4. e3 c5 5. Be2 Qb6 6. b3 cxd4 7. exd4 Bd6 
8. Qc1 Bxf4 9. Qxf4 O-O 10. O-O Nc6 11. Nbd2 Qd8 12. Ne5 Qc7 13. Qe3 b6 
14. Nxc6 Qxc6 15. Rfc1 Bb7 16. Nf3 Nd7 17. a4 a5 18. c3 Qd6 19. Ne1 Rfc8 
20. Nc2 Rd8 21. Na3 Qe7 22. Nb5 Rac8 23. Rc2 Nf6 24. Rac1 Ba6 25. h3 h6 
26. g3 Qd7 27. Bd3 Ne8 28. Qe5 Nf6 29. h4 Qe7 30. Qe3 Ng4 31. Qf4 Nf6 
32. Kg2 Ne8 33. Be2 Bb7 34. Kh3 Bc6 35. g4 Nf6 36. Qe3 Bxb5 37. axb5 Ra8 
38. Rg1 Kf8 39. g5 hxg5 40. hxg5 Ne4 41. f3 Nd6 42. Bd3 a4 43. bxa4 Rxa4 
44. g6 Qf6 45. gxf7 Ke7 46. Rg4 Rh8+ 47. Kg2 Ra1 48. Re2 Nxf7 49. Rg6 Rh2+ 
50. Kxh2 Qh4+ 51. Kg2 Qh1+ 52. Kg3 Rg1+ 53. Qxg1 Qxg1+ 54. Kf4 Qc1+ 55. Kg3 Qg1+ 
56. Kf4 Qc1+ 57. Kg3 Qg1+ 1/2-1/2

[Event "Wednesday Apr 25 Engine Tour 9 rd Swiss 12m+1s Starts at 1600hrs"]
[Site "Infinity Chess"]
[Date "2018.4.25"]
[Round "1"]
[White "SkyPilot"]
[Black "overlordchess"]
[Result "1/2-1/2 "]
[ECO "C55"]
[WhiteElo "2472"]
[BlackElo "2400"]
[WhiteEngine "stockfish_x64_bmi2_2018_04_07_CTG"]
[BlackEngine "Cryptic Heroes 9.4B"]
[EventType "Swiss"]
[WhiteTeam ""]
[BlackTeam ""]
[PlyCount "196"]
[TimeControl "720+1"]

1. e4 e5 2. Nf3 Nc6 3. Bc4 Nf6 4. d3 Be7 5. O-O d6 6. c3 O-O 7. a4 h6 8. Re1 a6 
9. h3 Be6 10. Bxe6 fxe6 11. b4 d5 12. exd5 exd5 13. Nxe5 Nxe5 14. Rxe5 Bd6 
15. Re1 d4 16. cxd4 Nd5 17. Nd2 Bxb4 18. Qb3 c6 19. Re4 Kh7 20. Nc4 a5 
21. Qc2 b5 22. Ne5 Bc3 23. Rb1 b4 24. Be3 Qc7 25. Rc1 Rae8 26. Nc4 Rb8 
27. Rb1 Rf6 28. Ne5 Rbf8 29. Qa2 Rf5 30. g4 R5f6 31. h4 g5 32. hxg5 hxg5 
33. Qc4 Nxe3 34. Rxe3 Kg7 35. Qc5 Rxf2 36. Qxc6 Qxc6 37. Nxc6 R8f4 38. Re5 Kf6 
39. Rxa5 Ra2 40. Rf5+ Rxf5 41. gxf5 g4 42. Nxb4 Bxd4+ 43. Kh1 Re2 44. Nd5+ Ke5 
45. Rb5 Rf2 46. Nc3+ Kf4 47. Ne4 Rf1+ 48. Kg2 Rg1+ 49. Kh2 g3+ 50. Nxg3 Rxg3 
51. Rb4 Rxd3 52. f6 Kg5 53. Kg2 Bxf6 54. Re4 Kf5 55. Rb4 Bd4 56. Rb7 Kg4 
57. a5 Rd1 58. Rb3 Rg1+ 59. Kh2 Ra1 60. Kg2 Rxa5 61. Rd3 Ra2+ 62. Kf1 Be5 
63. Re3 Bf4 64. Re2 Ra3 65. Rf2 Be3 66. Rf8 Ra2 67. Ke1 Rh2 68. Rf6 Bd4 
69. Rf1 Be3 70. Rf6 Bg5 71. Rg6 Kf5 72. Ra6 Bd2+ 73. Kd1 Be3 74. Ra3 Rd2+ 
75. Ke1 Ke4 76. Ra5 Rc2 77. Kd1 Rd2+ 78. Ke1 Rc2 79. Kd1 Rb2 80. Ra8 Rg2 
81. Ra5 Rg1+ 82. Kc2 Rc1+ 83. Kb3 Kd3 84. Ra2 Bd2 85. Ra3 Rb1+ 86. Ka4+ Kc4 
87. Rb3 Ra1+ 88. Ra3 Rd1 89. Rb3 Ra1+ 90. Ra3 Rc1 91. Rb3 Bc3 92. Rb4+ Kd5 
93. Rb5+ Kc6 94. Rb3 Bd4 95. Rh3 Rb1 96. Rh2 Rb7 97. Rh6+ Kc5 98. Ka3 Rg7 
1/2-1/2

[Event "Wednesday Night Engine Blitz Tour DRR 3m+1s Starts at 2200hrs"]
[Site "Infinity Chess"]
[Date "2018.4.25"]
[Round "7"]
[White "gmmarolideus"]
[Black "BlitzMaster"]
[Result "1/2-1/2"]
[ECO "C58"]
[WhiteElo "2325"]
[BlackElo "2540"]
[WhiteEngine "asmFishW_2018-04-07_popcnt_CTG"]
[BlackEngine "asmFishW_2018-04-11_popcnt"]
[EventType "Round Robin"]
[WhiteTeam ""]
[BlackTeam ""]
[PlyCount "112"]
[TimeControl "180+1"]

1. e4 e5 2. Nf3 Nc6 3. Bc4 Nf6 4. Ng5 d5 5. exd5 Na5 6. Bb5+ c6 7. dxc6 bxc6 
8. Qf3 Be7 9. Bd3 O-O 10. Nc3 Rb8 11. O-O Rb4 12. Qd1 h6 13. a3 Rg4 14. Nge4 Nb3 
15. Nxf6+ Bxf6 16. Be2 Nxa1 17. Bxg4 Bxg4 18. Qxg4 Nxc2 19. d3 Bg5 20. Qa4 Qxd3 
21. Bxg5 hxg5 22. Qxc6 Nd4 23. Qc7 Ne2+ 24. Nxe2 Qxe2 25. b3 a6 26. h3 Qb2 
27. Qd6 Qxb3 28. Qxa6 f6 29. a4 Rd8 30. Qc6 Qd5 31. Qc7 Rd7 32. Qc2 Qd2 
33. Qxd2 Rxd2 34. Ra1 Rd6 35. a5 Ra6 36. f3 Kf7 37. Kf2 Ke6 38. Ke3 Kd5 
39. Kd3 g6 40. Ra4 Kc5 41. Kc3 f5 42. Ra1 Kb5 43. Rb1+ Kc5 44. Re1 Kd5 
45. Ra1 Kc5 46. Ra2 Kd5 47. Kd3 Kc5 48. g3 Rd6+ 49. Ke3 Kb5 50. g4 Rf6 
51. Rd2 Kxa5 52. Rd5+ Kb4 53. gxf5 gxf5 54. Rxe5 Kc4 55. f4 gxf4+ 56. Kxf4 Rh6 
1/2-1/2

[Event "Wednesday Night Engine Blitz Tour DRR 3m+1s Starts at 2200hrs"]
[Site "Infinity Chess"]
[Date "2018.4.25"]
[Round "7"]
[White "OlivierEvan"]
[Black "light"]
[Result "1/2-1/2"]
[ECO "D30"]
[WhiteElo "2384"]
[BlackElo "2504"]
[WhiteEngine "Houdini 6"]
[BlackEngine "Cfish_x64_180418_ELTO_CTG"]
[EventType "Round Robin"]
[WhiteTeam ""]
[BlackTeam ""]
[PlyCount "118"]
[TimeControl "180+1"]

1. d4 d5 2. c4 e6 3. Nf3 Nf6 4. Nc3 c6 5. Bg5 h6 6. Bxf6 Qxf6 7. e3 Nd7 
8. Be2 Qd8 9. Qc2 Be7 10. Rc1 a6 11. O-O O-O 12. a3 b6 13. Rfd1 Bb7 14. e4 Re8 
15. e5 dxc4 16. Bxc4 Qb8 17. Qe2 b5 18. Ba2 c5 19. d5 exd5 20. e6 Bd6 
21. exf7+ Kxf7 22. Qc2 c4 23. Nxd5 Kg8 24. b3 Bxa3 25. bxc4 Bxc1 26. cxb5 Kh8 
27. Nh4 Nf8 28. Nf6 gxf6 29. Qxc1 Be4 30. Qxh6+ Nh7 31. Rd7 Rg8 32. Bxg8 Qxg8 
33. f3 Bb1 34. f4 axb5 35. f5 Bxf5 36. Nxf5 Ra1+ 37. Kf2 Ra2+ 38. Rd2 b4 
39. Ne7 Rxd2+ 40. Qxd2 Qb8 41. Ng6+ Kg7 42. Nf4 b3 43. Qd7+ Kh8 44. g3 b2 
45. Ng6+ Kg8 46. Ne7+ Kg7 47. Nc6+ Kh6 48. Nxb8 b1=Q 49. Nc6 Ng5 50. Nd4 Qh1 
51. Ke3 Qxh2 52. Nf5+ Kg6 53. Nh4+ Kh6 54. Qf5 Qxg3+ 55. Nf3 Kg7 56. Qf4 Qxf4+ 
57. Kxf4 Ne6+ 58. Ke4 Nc7 59. Nh4 Kf7 1/2-1/2